 Dungeon Crawl Stone Soup version 0.30-a0-1103-g25895a7845 (webtiles) character file.

Game seed: 10406746991570942972

18 demibob the Trooper (level 2, 0/36 HPs)
             Began as a Demonspawn Wanderer on Apr 18, 2023.
             Succumbed to a kobold's poison
             ... on level 1 of the Dungeon.
             The game lasted 00:01:34 (545 turns).

demibob the Trooper (Demonspawn Wanderer)            Turns: 545, Time: 00:01:35

Health: 0/36       AC: 21    Str: 14    XL:     2   Next: 48%
Magic:  2/2        EV:  2    Int: 10    God:
Gold:   83         SH:  0    Dex: 13    Spells: 1/1 levels left

rFire   . . .      SeeInvis +      - Unarmed
rCold   . . .      Faith    .    (no shield)
rNeg    . . .      Spirit   .    c - melded +0 scale mail
rPois   +          Reflect  .    (helmet currently unavailable)
rElec   .          Rampage  .    (cloak currently unavailable)
rCorr   .          NoTele   +    (gloves currently unavailable)
Will    .....                    g - melded +0 pair of boots
Stlth   +                        (no amulet)
HPRegen 0.26/turn                (no ring)
MPRegen 0.08/turn                (no ring)

@: lethally poisoned (0 -> -10), tree-form
A: stationary, stasis, torment immunity, boosted hp, (horns 2), see invisible,
high MP 1, (poison resistance)
a: no special abilities


You were on level 1 of the Dungeon.
You were a tree.
You visited 1 branch of the dungeon, and saw 1 of its levels.

You collected 83 gold pieces.


Innate Abilities, Weirdness & Mutations

You are a tree.
Your roots penetrate the ground, keeping you stationary.
You cannot be teleported.
You are immune to unholy pain and torment.
Your maximum health is greatly increased.
Your equipment is partially melded.
((You have a pair of horns on your head.))
You have supernaturally acute eyesight. (SInv)
You have an increased reservoir of magic. (+10% MP)
((Your system is resistant to poisons. (rPois)))


   Skills:
 - Level 3.0 Fighting
 + Level 1.3 Polearms
 - Level 2.3 Ranged Weapons
 - Level 2.6 Armour
 - Level 1.0 Unarmed Combat
 - Level 1.0 Evocations


You had one spell level left.
You didn't know any spells.
Your spell library was empty.

Inventory:

Hand Weapons
 a - a +2 sling
 f - a +0 spear
Armour
 c - a +0 scale mail (melded)
 e - a +0 pair of boots
 g - a +0 pair of boots (melded)
Scrolls
 d - a scroll of fear
 h - a scroll of vulnerability {unknown}
 i - a scroll of teleportation {unknown}
 j - a scroll of identify {unknown}
Potions
 k - a potion of mutation

Dungeon Overview and Level Annotations

Branches:
Dungeon (1/15)

Altars:

Shops:
D:1

([*** #..####.# #.# #########†##
# #.....#.# #.# #..>...##.###
........########.# #.# #......#
..#'#............# #.####..###.#
.♣#'#♣..#†##########....)>.#...##
###'###.#.# #........#>.#.#...
'++∩+''.#.# #...............##
###+###.#.# #...#....####.###
.♣#+#♣..#.# #♣.###..## #.#
..#'#.....# #)## ##.# #.#
..........# #.. ..# #.#
........### #..# #.## ...
######### #..▒ #. ... #..∩ ## ...
#..▒ #..#


There were no monsters in sight!


Message History

You feel very sick.
The kobold hits you with a +0 short sword of venom.
You are lethally poisoned!
It was a potion of mutation.
You feel extremely strange. The horns on your head grow some more.
You feel more energetic.
You feel resistant to poisons.
Your vision sharpens.
* * * LOW HITPOINT WARNING * * *
You feel very sick. The kobold hits you but does no damage.
You are more poisoned.
Really quaff the potion of lignification?
You turn into a tree.
Your +0 pair of boots melds into your body.
Your +0 scale mail melds into your body.
Your roots penetrate the ground.
* * * LOW HITPOINT WARNING * * *
You feel very sick. The kobold completely misses you.
You are now empty-handed.
* * * LOW HITPOINT WARNING * * *
You feel sick.
Unknown command.
You smack the kobold!
You kill the kobold!
* * * LOW HITPOINT WARNING * * *
You feel very sick.
Unknown command.
* * * LOW HITPOINT WARNING * * *
You feel very sick.
You die...

Skill      XL: |  1  2 |
---------------+-------+-----
Ranged Weapons | 2 |  2.3
Polearms       | 1 |  1.3
Fighting       | |  3.0
Armour         | |  2.6
Unarmed Combat | |  1.0
Evocations     | |  1.0

Action                     || total
---------------------------++-------
  Melee: Unarmed           ||     1
   Fire: Sling             ||    57
    Use: Potion            ||     2
 Armour: Scale mail        ||    27
  Dodge: Dodged            ||    27

Levels and vault maps discovered:
D:1:      dpeg_arrival_windows_large_door, layout_loops_cross, serial_shops,
          nicolae_shop_real_fake_doors, shop, nicolae_shop_just_a_little_nook,
          shop, nicolae_shop_tiny_real_fake_doors

Notes
Turn   | Place    | Note
-------+----------+-------------------------------------------
     0 | D:1      | demibob the Demonspawn Wanderer began the quest for the
                  | Orb.
     0 | D:1      | demibob set off with the following items: a +2 sling, a
                  | potion of lignification, a +0 scale mail, a scroll of fear.
     0 | D:1      | Reached XP level 1. HP: 18/18 MP: 1/1
    51 | D:1      | Found Qeonweh's Antique Weapon Shop.
    83 | D:1      | Reached skill level 2 in Ranged Weapons
   156 | D:1      | Found Tanedgho's Assorted Antiques.
   181 | D:1      | Found Fieskuis's General Store.
   308 | D:1      | Gained mutation: You have a pair of small horns on your
                  | head. [demonic ancestry]
   308 | D:1      | Reached XP level 2. HP: 24/24 MP: 2/2
   349 | D:1      | Found Gileysun's General Store.
   434 | D:1      | Reached skill level 1 in Polearms
   536 | D:1      | Found Tofod's Antique Armour Boutique.
   540 | D:1      | Gained mutation: You have a pair of horns on your head.
                  | [potion of mutation]
   540 | D:1      | Gained mutation: You have an increased reservoir of magic.
                  | (+10% MP) [potion of mutation]
   540 | D:1      | Gained mutation: Your system is resistant to poisons.
                  | (rPois) [potion of mutation]
   540 | D:1      | Gained mutation: You have supernaturally acute eyesight.
                  | (SInv) [potion of mutation]
   544 | D:1      | HP: 2/36 [poisoned by a kobold]
   545 | D:1      | Succumbed to a kobold's poison

Vanquished Creatures
  2 endoplasms (D:1)
  2 giant cockroaches (D:1)
  3 goblins (D:1)
  A hobgoblin (D:1)
  3 bats (D:1)
  4 kobolds (D:1)
  A rat (D:1)
16 creatures vanquished.

Table legend: (Time is in decaauts)
 A = Elapsed time spent in this place.
 B = Non-inter-level travel time spent in this place.
 C = Inter-level travel time spent in this place.
 D = Time resting spent in this place.
 E = Time spent auto-exploring this place.
 F = Levels seen in this place.
 G = Mean time per level.
                   A        B        C        D        E       F      G
               +--------+--------+--------+--------+--------+-----+--------+
         Total |    573 |    562 |     11 |      0 |    436 |   1 |  573.0 |
       Dungeon |    573 |    562 |     11 |      0 |    436 |   1 |  573.0 |
               +--------+--------+--------+--------+--------+-----+--------+

Top non-repeatable levels by time:
     D:1: 573 daAuts

Table legend:
 A = Non-vault XP
 B = Vault XP
 C = Vault XP percentage of total XP
 D = Non-vault monster count
 E = Vault monster count
 F = Vault count percentage of total count
                 A         B        C        D         E       F
            +---------+---------+-------+---------+---------+-------
      Total |      26 |       0 |   0.0 |      16 |       0 |   0.0
            +---------+---------+-------+---------+---------+-------
        D:1 |      26 |       0 |   0.0 |      16 |       0 |   0.0
            +---------+---------+-------+---------+---------+-------
